 Dungeon Crawl Stone Soup version 0.21.1-1-g345015f (webtiles) character file.

132 kaytrill the Slasher (level 4, -1/40 HPs)
             Began as a Minotaur Fighter on June 12, 2018.
             Slain by Natasha (4 damage)
             ... on level 2 of the Dungeon.
             The game lasted 00:06:13 (1095 turns).

kaytrill the Slasher (Minotaur Fighter)             Turns: 1095, Time: 00:06:14

Health: -1/40      AC:  0    Str: 21    XL:     4   Next: 92%
Magic:  3/3        EV: 13    Int:  5    God:
Gold:   100        SH:  0    Dex: 10    Spells: 3/3 levels left

rFire    . . .     SeeInvis .   (weapon currently unavailable)
rCold    . . .     Gourm    .   (shield currently unavailable)
rNeg     . . .     Faith    .   (armour currently unavailable)
rPois    .         Spirit   .   (helmet currently unavailable)
rElec    .         Reflect  .   (cloak currently unavailable)
rCorr    .         Harm     .   (gloves currently unavailable)
MR       .....                  (boots currently unavailable)
Stlth    +.........             (no amulet)
HPRegen  0.13/turn              (ring currently unavailable)
MPRegen  0.08/turn              (ring currently unavailable)

@: pig-form (expiring), very quick
A: small, (retaliatory headbutt)
a: no special abilities


You were on level 2 of the Dungeon.
You were hungry.
You were a filthy swine.
You visited 1 branch of the dungeon, and saw 2 of its levels.

You collected 100 gold pieces.

Inventory:

Hand Weapons
 a - a +0 long sword (melded)
 m - a +4 hand axe
Armour
 b - a +0 scale mail (melded)
 c - a +0 shield (melded)
Jewellery
 n - an uncursed ring of protection from fire {unknown}
Scrolls
 h - a scroll of immolation {unknown}
 i - a scroll of blinking {unknown}
 j - 3 scrolls of identify {unknown}
 o - a scroll of fear {unknown}
Potions
 d - a potion of might
 e - a potion of mutation {unknown}
 g - 2 potions of ambrosia {unknown}
 k - a potion of haste
 l - 2 potions of curing {unknown}
 p - a potion of brilliance {unknown}
Comestibles
 f - 3 rations


   Skills:
 - Level 3.7 Fighting
 * Level 5.0 Long Blades
 + Level 4.5 Armour
 - Level 0.3 Dodging
 + Level 4.2 Shields


You had 3 spell levels left.
You didn't know any spells.

Dungeon Overview and Level Annotations

Branches:
Dungeon (2/15)

Altars:
Yredelemnul
Zin

Annotations:
D:2 Natasha


Innate Abilities, Weirdness & Mutations

((You reflexively headbutt those who attack you in melee.))
((You have a pair of horns on your head.))


Message History

Natasha is severely wounded.
Natasha closely misses you.
You hit Natasha.
Natasha is almost dead.
Natasha closely misses you.
You hit Natasha.
Natasha is almost dead.
Your transformation is almost over.
Natasha zaps a wand.
You resist with some effort.
You barely miss Natasha.
Natasha is almost dead.
Natasha barely misses you.
You closely miss Natasha.
Natasha is almost dead.
Natasha claws you!
* * * LOW HITPOINT WARNING * * *
You miss Natasha.
Natasha is almost dead.
Natasha claws you.
You die...

.....# ...#..... ### ### ..##.#
........ #####.####.. #.##.#
#.#.##.## ###........... #....#
#.#.##..###.....#######. †.##†##
#.#.#...÷....##.# #. ..##..#
#†#.#.#.........# #. ..##..##
#.#..........#### #.
#####..###...#..h#....# #.
..###...........h.....# #.
#.....................### ###.
#####.##................#### #...
...........................# #...
#####.#............>.......# #...
#####...........##.........###...
.................................
..............##.#.........###...
###..#........##.#.........# #...


You could see Natasha.

Vanquished Creatures
  Jessica (D:2)
  Natasha (twice) (D:2)
  An adder (D:2)
  A worm (D:2)
  3 dart slugs (D:1)
  5 bats
  5 giant cockroaches
  5 goblins
  5 hobgoblins
  8 frilled lizards
  2 kobolds (D:1)
  4 rats
42 creatures vanquished.

Notes
Turn   | Place    | Note
-------+----------+-------------------------------------------
     0 | D:1      | kaytrill the Minotaur Fighter began the quest for the Orb.
     0 | D:1      | Reached XP level 1. HP: 19/19 MP: 0/0
   187 | D:1      | Reached XP level 2. HP: 26/27 MP: 1/1
   384 | D:1      | Reached skill level 3 in Long Blades
   741 | D:2      | Reached XP level 3. HP: 33/33 MP: 2/2
   770 | D:2      | Noticed Jessica
   781 | D:2      | Killed Jessica
   781 | D:2      | Reached skill level 4 in Long Blades
   849 | D:2      | Reached XP level 4. HP: 40/40 MP: 3/3
   950 | D:2      | Noticed Natasha
   956 | D:2      | Killed Natasha
   962 | D:2      | Noticed Natasha
   966 | D:2      | Killed Natasha
   966 | D:2      | Reached skill level 5 in Long Blades
  1051 | D:2      | Found a glowing silver altar of Zin.
  1051 | D:2      | Found a basalt altar of Yredelemnul.
  1077 | D:2      | Noticed Natasha
  1095 | D:2      | Slain by Natasha

Skill      XL: |  1  2  3  4 |
---------------+-------------+-----
Armour         | 4 |  4.5
Long Blades    | 3 4 5 |  5.0
Shields        | 4 |  4.2
Fighting       | |  3.7
Dodging        | |  0.3

Action                   |  1- 3 |  4- 6 || total
-------------------------+-------+-------++-------
Melee: Long sword        |    66 |    27 ||    93
       Headbutt          |     9 |     4 ||    13
       Unarmed           |       |    15 ||    15
Armor: Scale mail        |    25 |    17 ||    42
Dodge: Dodged            |    26 |    17 ||    43
Block: Shield            |    25 |    14 ||    39
       Rpst.: Long sword |     8 |     2 ||    10
